 Dungeon Crawl Stone Soup version 0.22-a0-782-g038298e (webtiles) character file.

266 iamserjio the Conjurer (level 6, 13/32 HPs)
             Began as a Tengu Fire Elementalist on July 20, 2018.
             Quit the game on level 4 of the Dungeon.
             The game lasted 00:11:20 (1336 turns).

iamserjio the Conjurer (Tengu Fire Elementalist)    Turns: 1336, Time: 00:11:21

Health: 13/32      AC:  2    Str:  8    XL:     6   Next: 20%
Magic:  7/12       EV: 12    Int: 16    God:
Gold:   96         SH:  0    Dex: 14    Spells: 2/11 levels left

rFire    . . .     SeeInvis .   o - +0 short sword (curse)
rCold    . . .     Gourm    .   (no shield)
rNeg     . . .     Faith    .   a - +0 robe
rPois    .         Spirit   .   (helmet restricted)
rElec    .         Reflect  .   (no cloak)
rCorr    .         Harm     .   (no gloves)
MR       .....                  (boots unavailable)
Stlth    +.........             (no amulet)
HPRegen  0.10/turn              q - ring of loudness (curse)
MPRegen  0.13/turn              (no ring)

@: very slightly contaminated
A: beak, talons 3, blink, dopey 1, able to fly 1
a: Fly, Blink


You were on level 4 of the Dungeon.
You were hungry.

You visited 1 branch of the dungeon, and saw 5 of its levels.

You collected 96 gold pieces.

Inventory:

Hand Weapons
 b - a +0 dagger
 d - a +0 trident
 l - a +0 dagger of venom
 o - a cursed +0 short sword (weapon)
 s - a +0 shortbow
Missiles
 j - 17 arrows
 u - 2 throwing nets (quivered) {!f}
Armour
 a - a +0 robe (worn)
 k - a +0 buckler
 t - a +0 leather armour
Jewellery
 q - a cursed ring of loudness (left hand)
Scrolls
 e - a scroll of teleportation {unknown}
 f - a scroll of magic mapping {unknown}
 g - a scroll of identify {unknown}
 h - a scroll of blinking
 m - 2 scrolls of amnesia
 n - 2 scrolls of fear {unknown}
 r - a scroll of enchant armour {unknown}
Potions
 p - a potion of flight
 v - a potion of agility
Comestibles
 c - 2 rations
 i - a chunk of flesh


   Skills:
 - Level 2.1 Dodging
 - Level 2.0 Stealth
 + Level 3.3 Spellcasting
 + Level 5.4 Conjurations
 + Level 4.7 Fire Magic


You had 2 spell levels left.
You knew the following spells:

 Your Spells              Type           Power        Failure   Level  Hunger
a - Flame Tongue          Conj/Fire      ###..        2%          1    None
b - Conjure Flame         Conj/Fire      ###.....     7%          3    ###....
c - Fireball              Conj/Fire      ###.......   52%         5    ######.

Your spell library contained the following spells:

 Spells                   Type           Power        Failure   Level  Hunger
 Throw Flame              Conj/Fire      ###...       3%          2    ##.....
 Sticky Flame             Conj/Fire      ###.....     22%         4    ####...
 Inner Flame              Hex/Fire       ##......     21%         3    ###....


Dungeon Overview and Level Annotations

Branches:
Dungeon (5/15)
 Temple: D:4-7

Altars:
Fedhas
Gozag
Kikubaaqudgha
Nemelex Xobeh
Yredelemnul

Annotations:
D:4 Eustachio


Innate Abilities, Weirdness & Mutations

You have a beak for a mouth.
You have claws for feet.
You can fly.
You can translocate small distances at will.
You are dopey. (Int -2)


Message History

The giant cockroach waves its antennae.
The giant cockroach barely misses you.
Casting: Flame Tongue (safe; 2% risk of failure)
Confirm with . or Enter, or press ? or * to list all spells.
Okay, then.
Okay, then.
Casting: Flame Tongue (safe; 2% risk of failure)
Confirm with . or Enter, or press ? or * to list all spells.
Okay, then.
Casting: Flame Tongue (safe; 2% risk of failure)
Confirm with . or Enter, or press ? or * to list all spells.
The spell is very dangerous to cast (52% risk of failure)!
Continue anyway?
Aiming: Fireball (very dangerous; 52% risk of failure)
Press: ? - help, Shift-Dir - straight line You miscast Fireball.
You are very lightly contaminated with residual magic.
You are momentarily dazzled by a flash of light!
You are feeling hungry.
The giant cockroach bites you but does no damage.
Are you sure you want to abandon this character and quit the game? (Confirm with "yes".)

#. #.o..##....g..og### .##
#..#.o..#######...##..#
#.....###♣♣♣♣♣###...#.#
#...###♣♣♣....♣♣###o#.#
#...#♣♣.........♣♣#g..##
#......#♣....W......♣##...#
#......#♣............♣#...#
#......#♣....go.g....♣##..#
####...#♣.@s..♣♣♣♣♣♣..♣#sW#
#§..♣#♣⌠.⌠♣# #♣..#..# #.#..
#♣♣♣# #♣....# #.#♣. #...##
#...# #..## #..# #.## #.#


You could see a phantom, 2 gnolls, an orc and a giant cockroach.

Vanquished Creatures
  An ogre (D:3)
  A hound (D:5)
  Robin (D:2)
  2 gnolls (D:4)
  5 adders
  An ooze (D:2)
  An adder skeleton (D:3)
  An adder zombie (D:3)
  A dart slug (D:1)
  A leopard gecko (D:3)
  8 orcs
  6 bats
  13 goblins
  9 hobgoblins
  2 jackals (D:1)
  3 kobolds
  A quokka (D:3)
  A frilled lizard (D:1)
  5 rats
63 creatures vanquished.

Notes
Turn   | Place    | Note
-------+----------+-------------------------------------------
     0 | D:1      | iamserjio the Tengu Fire Elementalist began the quest for the Orb.
     0 | D:1      | Reached XP level 1. HP: 10/10 MP: 4/4
    49 | D:1      | Reached skill level 2 in Conjurations
   103 | D:1      | Reached XP level 2. HP: 10/15 MP: 3/6
   185 | D:2      | Noticed Robin
   330 | D:1      | Reached XP level 3. HP: 2/19 MP: 0/7
   456 | D:1      | Reached skill level 3 in Conjurations
   514 | D:2      | Found a sparkling altar of Nemelex Xobeh.
   531 | D:2      | Learned a level 3 spell: Conjure Flame
   639 | D:2      | Killed Robin
   732 | D:3      | Reached XP level 4. HP: 9/24 MP: 8/8
   739 | D:4      | Noticed an ogre
   772 | D:3      | Noticed an ogre
   790 | D:3      | Killed an ogre
   790 | D:3      | Reached skill level 4 in Conjurations
   790 | D:3      | Gained mutation: You can fly. [Tengu growth]
   790 | D:3      | Reached XP level 5. HP: 5/28 MP: 1/10
   983 | D:3      | Gained mutation: You tend to lose your temper in combat. [potion of mutation]
   983 | D:3      | Lost mutation: You tend to lose your temper in combat. [potion of mutation]
   983 | D:3      | Gained mutation: You are dopey. (Int -2) [potion of mutation]
   983 | D:3      | Gained mutation: You can translocate small distances at will. [potion of mutation]
  1001 | D:3      | Reached skill level 5 in Conjurations
  1037 | D:3      | Learned a level 5 spell: Fireball
  1178 | D:4      | Reached XP level 6. HP: 18/32 MP: 4/11
  1194 | D:5      | Entered Level 5 of the Dungeon
  1208 | D:5      | Found a blossoming altar of Fedhas.
  1208 | D:5      | Found an ancient bone altar of Kikubaaqudgha.
  1257 | D:4      | Noticed a phantom
  1258 | D:4      | Found an opulent altar of Gozag.
  1263 | D:4      | Noticed a phantom
  1296 | D:4      | Noticed Eustachio
  1325 | D:4      | Found a basalt altar of Yredelemnul.
  1336 | D:4      | Quit the game

Vault maps used:
D:1:      dpeg_arrival_shrine
D:2:      overflow_temple_1_default, minmay_misc_feat_chi,
          nemelex_dance_club_becter, uniq_robin
D:3:      first_ration
D:4:      kennysheep_ying_yang, nicolae_gozag_seed_capital, uniq_eustachio
D:5:      grunt_temple_overflow_growth_and_decay,
          nicolae_ru_the_path_less_chosen

Skill      XL: |  1  2  3  4  5 |
---------------+----------------+-----
Conjurations   | 2 3 4 5 |  5.4
Fire Magic     | 4 |  4.7
Spellcasting   | 3 |  3.3
Dodging        | |  2.1
Stealth        | |  2.0

Action                   |  1- 3 |  4- 6 || total
-------------------------+-------+-------++-------
Melee: Dagger            |    29 |       ||    29
       Kick              |    12 |    10 ||    22
       Peck              |     7 |     7 ||    14
       Short sword       |    26 |    58 ||    84
 Cast: Flame Tongue      |    37 |    39 ||    76
       Conjure Flame     |       |     4 ||     4
  Use: Scroll            |       |     2 ||     2
       Potion            |       |     6 ||     6
 Stab: Sleeping          |     1 |       ||     1
       Invisible         |       |     3 ||     3
  Eat: Chunk             |       |     2 ||     2
Armor: Robe              |     5 |     7 ||    12
       Skin              |       |    32 ||    32
Dodge: Dodged            |    38 |    52 ||    90

Table legend:
 A = Spawn XP
 B = Non-spawn XP
 C = Spawn XP percentage of total XP
 D = Spawn monster count
 E = Non-spawn monster count
 F = Spawn count percentage of total count
 G = Total turns spent on level
                    A         B        C        D         E        F      G
               +---------+---------+-------+---------+---------+-------+---------
         Total |       0 |     380 |   0.0 |       0 |      63 |   0.0 |  1336
               +---------+---------+-------+---------+---------+-------+---------
           D:1 |       0 |      39 |   0.0 |       0 |      21 |   0.0 |   468
           D:2 |       0 |      41 |   0.0 |       0 |      14 |   0.0 |   212
           D:3 |       0 |     215 |   0.0 |       0 |      24 |   0.0 |   477
           D:4 |       0 |      43 |   0.0 |       0 |       3 |   0.0 |   116
           D:5 |       0 |      42 |   0.0 |       0 |       1 |   0.0 |    63
               +---------+---------+-------+---------+---------+-------+---------
